AoeStats
← *$up3r [N]0v@*

Arabia

508484821Analyzed
2v2 RM · 8d ago on Sep 22, 2026· 38m 47s· 4 players
Game mode
Random Map
Map size
Medium (4 player)
Population
200
Speed
Normal
Resources
Standard
Victory
Conquest
Starting age
Dark Age
Ending age
Imperial Age
RankedLock teamsTeams togetherTeam positionsShared explorationLock speedFull tech treeHidden civsTurbo modeCheats
Victory
Defeat
🇮🇳 Ethiopians · India
1041
+14
🇪🇸 Teutons · Spain
1012
+16
🇹🇷 Magyars · Türkiye
996
-15
🇹🇷 Franks · Türkiye
996
-15
sanctamensis
7:16 Loom
9:22 Feudal Age
10:05 Double-Bit Axe
13:42 Fletching
16:51 Horse Collar
20:32 Castle Age
21:17 Crossbowman
25:18 Bodkin Arrow
25:26 Padded Archer Armor
27:06 Ballistics
28:07 Thumb Ring
32:05 Bloodlines
31:55 Husbandry
33:36 Scale Barding Armor
34:05 Corvinian Army
NESIH ABE
7:50 Loom
9:43 Feudal Age
19:47 Castle Age
18:59 Gold Mining
19:00 Stone Mining
23:36 Double-Bit Axe
24:42 Gold Shaft Mining
25:18 Forging
27:38 Iron Casting
30:11 Scale Barding Armor
30:29 Fletching
34:26 Imperial Age
31:20 Elite Skirmisher
33:03 Padded Archer Armor
32:58 Bodkin Arrow
34:25 Leather Archer Armor
37:21 Ballistics
36:28 Cavalier
39:08 Blast Furnace
38:28 Chain Barding Armor
trankilo
2:14 Loom
10:45 Feudal Age
19:15 Castle Age
17:42 Double-Bit Axe
18:02 Horse Collar
19:08 Bloodlines
19:07 Gold Mining
22:58 Scale Barding Armor
23:40 Forging
25:11 Chain Barding Armor
30:16 Wheelbarrow
33:02 Hand Cart
32:33 Town Watch
39:15 Imperial Age
38:27 Iron Casting
38:10 Bow Saw
38:32 Heavy Plow
*$up3r [N]0v@*
10:21 Feudal Age
11:38 Loom
14:53 Castle Age
13:28 Double-Bit Axe
16:32 Bow Saw
16:04 Horse Collar
21:47 Fletching
22:30 Crossbowman
25:47 Wheelbarrow
25:15 Padded Archer Armor
26:03 Squires
26:05 Scale Mail Armor
26:21 Bodkin Arrow
27:15 Leather Archer Armor
29:14 Ballistics
30:03 Thumb Ring
30:36 Chain Mail Armor
35:15 Imperial Age
35:58 Hand Cart
35:28 Town Watch
35:21 Arbalester
36:03 Bracer
36:33 Ring Archer Armor
37:24 Chemistry
38:32 Plate Mail Armor
38:59 Conscription
Connection lost

Rejoining the realm…

Still unreachable

The connection could not be restored.

Session expired

The server has moved on; the page needs a fresh start.